← All builds
Suicide front / Legion / Quick factory / OBSERVED BUILD

Standard suicide front

Quick Bot Lab into Vehicle Plant to project force at middle early with Ballista, Satyr, Decurion and Lance, transitioning into Barrage artillery and an Advanced Metal Extractor as the game develops.

#rush #raid · 26 distinct matches · 14 players · 79% of Legion Suicide front games · team won 50% of 26 · Recently observed

HOW TO PLAY IT

Key timing: Legion Vehicle Plant by 1:01

  1. Take a single mex and rush the bot lab immediately.
  2. Finish the bot lab fast to start early Decurion or Ballista pushes.
  3. Get the vehicle plant up to widen unit options for the front.
  4. Contest the middle early and expect combat losses right away.
  5. Pick up T2 constructor once middle is stabilized to prep for T2 arrivals.

Phase by phase

TYPICAL OF ITS 26 GAMES
  1. 1
  2. 2
  3. 3
PLAY THE OPENING

Follow the example game's first 6:00 step by step: what to build now, what comes next, and where it goes. At 1× it keeps pace with your own game.

  1. 1

    Up to the Legion Bot Lab

    Economy
    • Metal Extractor1Mex
    Order
    1. Legion Bot LabLegion Bot Lab after 2 mexdone ~0:34, middle half 0:20–0:35

    By 0:17 in all: 1 mex

    The example game in this phase · 1 step
    1. Legion Bot LabLegion Bot Labdone 0:20 · typical 0:34
  2. 2

    Legion Bot Lab to 5:00

    Economy
    • Metal Extractor5Mex
    • Wind Turbine7Wind
    Builders
    • Construction Turret1 Con turret
    • Legion Construction Bot3 Legion Construction Bot
    • Zagreus2 Zagreus
    Army
    • Pharos4 Pharos
    Other
    • Radar Tower1 Radar Tower

    Some games also: Ballista (42%) · Goblin (38%) · Satyr (38%) · Legion Construction Vehicle (35%) · Barrage (31%)

    By 5:00 in all: 6 mex · 8 wind · 1 con turret

    The example game in this phase · 51 steps
    1. Legion Construction BotLegion Construction Bot
    2. Mex
    3. Wind
    4. Legion Construction BotLegion Construction Bot
    5. Mex
    6. ZagreusZagreus
    7. Mex
    8. PharosPharos
    9. ZagreusZagreus
    10. GoblinGoblin
    11. Mex
    12. Wind
    13. GoblinGoblin
    14. Legion Construction BotLegion Construction Bot ×2
    15. Wind
    16. Mex
    17. SatyrSatyr ×2
    18. PharosPharos
    19. SatyrSatyr
    20. Radar TowerRadar Tower
    21. Wind
    22. SatyrSatyr ×2
    23. ZagreusZagreus
    24. Overcharged Metal Extractor
    25. ZagreusZagreus
    26. Wind
    27. SatyrSatyr ×4
    28. Wind
    29. SatyrSatyr
    30. CacophonyCacophony
    31. SatyrSatyr
    32. PharosPharos
    33. SatyrSatyr
    34. CacophonyCacophony
    35. SatyrSatyr
    36. Wind
    37. SatyrSatyr ×2
    38. Wind
    39. SatyrSatyr
    40. Wind ×2
    41. SatyrSatyr ×2
    42. Con turret
    43. SatyrSatyr ×2
    44. Wind
    45. SatyrSatyr ×4
    46. Wind
    47. SatyrSatyr ×5
    48. Con turret
    49. SatyrSatyr
    50. PharosPharos
    51. SatyrSatyr
  3. 3

    5:00 to 10:00

    Economy
    • Metal Extractor2Mex
    • Wind Turbine17Wind
    • Energy Storage1Energy storage
    Builders
    • Construction Turret3 Con turret

    Some games also: Zagreus (46%) · Radar Tower (42%) · converter (38%) · Ballista (38%) · Pharos (35%)

    By 10:00 in all: 8 mex · 25 wind · 1 energy storage · 4 con turret

    The example game in this phase · 176 steps
    1. SatyrSatyr
    2. PharosPharos
    3. SatyrSatyr ×3
    4. Con turret
    5. SatyrSatyr
    6. Legion Construction BotLegion Construction Bot ×2
    7. BallistaBallista
    8. PharosPharos
    9. SatyrSatyr
    10. BallistaBallista
    11. NyxNyx
    12. Mex
    13. SatyrSatyr
    14. NyxNyx
    15. BallistaBallista
    16. Advanced Metal ExtractorT2 mexdone 7:09 · typical 8:45
    17. Wind ×2
    18. BallistaBallista ×2
    19. CacophonyCacophony
    20. Wind
    21. CacophonyCacophony
    22. BallistaBallista
    23. Wind
    24. Advanced Metal ExtractorT2 mex
    25. GoblinGoblin
    26. Pit BullPit Bull
    27. GoblinGoblin
    28. Wind ×2
    29. GoblinGoblin
    30. Wind
    31. GoblinGoblin
    32. Radar TowerRadar Tower
    33. GoblinGoblin
    34. Radar TowerRadar Tower
    35. Wind
    36. CacophonyCacophony
    37. GoblinGoblin ×2
    38. Advanced Metal ExtractorT2 mex
    39. Wind
    40. GoblinGoblin ×2
    41. Wind
    42. GoblinGoblin ×3
    43. Wind
    44. GoblinGoblin ×3
    45. Wind
    46. Advanced Metal ExtractorT2 mex
    47. GoblinGoblin ×2
    48. Wind
    49. GoblinGoblin
    50. Radar TowerRadar Tower
    51. GoblinGoblin
    52. Wind
    53. Energy storage
    54. GoblinGoblin ×2
    55. Advanced Metal ExtractorT2 mex
    56. Wind
    57. Energy storage
    58. GoblinGoblin
    59. Con turret
    60. GoblinGoblin
    61. Wind
    62. GoblinGoblin
    63. Solar
    64. GoblinGoblin
    65. Wind
    66. GoblinGoblin
    67. Wind
    68. GoblinGoblin ×5
    69. Wind
    70. GoblinGoblin ×4
    71. Advanced Metal ExtractorT2 mex
    72. Con turret
    73. GoblinGoblin
    74. Wind
    75. GoblinGoblin ×4
    76. Wind ×2
    77. Con turret
    78. Legion Construction BotLegion Construction Bot
    79. RattlesnakeRattlesnakedone 12:21
    80. Wind
    81. Legion Construction BotLegion Construction Bot ×2
    82. Wind
    83. Legion Construction BotLegion Construction Bot
    84. Metal storage
    85. Legion Construction BotLegion Construction Bot
    86. Wind
    87. Legion Construction BotLegion Construction Bot
    88. Cloakable Fusion ReactorCloakable Fusion Reactordone 14:09
    89. Legion Construction BotLegion Construction Bot
    90. Wind
    91. Legion Construction BotLegion Construction Bot ×2
    92. GoblinGoblin ×2
    93. Wind
    94. GoblinGoblin ×3
    95. PharosPharos
    96. GoblinGoblin
    97. Legion Drone PlantLegion Drone Plantdone 13:05
    98. GoblinGoblin
    99. Wind
    100. GoblinGoblin ×8
    101. Radar TowerRadar Tower
    102. GoblinGoblin ×2
    103. Mex
    104. GoblinGoblin ×2
    105. Wind
    106. GoblinGoblin
    107. Wind
    108. GoblinGoblin ×2
    109. PharosPharos
    110. GoblinGoblin
    111. AeolusAeolus
    112. Wind
    113. GoblinGoblin ×2
    114. Wind
    115. PharosPharos
    116. GoblinGoblin
    117. Wind
    118. GoblinGoblin ×2
    119. Wind ×2
    120. GoblinGoblin ×2
    121. Wind
    122. GoblinGoblin
    123. Wind
    124. GoblinGoblin ×2
    125. Wind ×2
    126. GoblinGoblin
    127. Wind
    128. GoblinGoblin
    129. Wind
    130. GoblinGoblin
    131. PharosPharos
    132. GoblinGoblin
    133. Wind ×3
    134. GoblinGoblin ×2
    135. Wind ×2
    136. GoblinGoblin
    137. Mex
    138. GoblinGoblin
    139. Wind
    140. GoblinGoblin
    141. Wind ×2
    142. GoblinGoblin
    143. Wind
    144. GoblinGoblin
    145. Fusion ReactorFusionnot finished by 15:00
    146. Advanced Fusion ReactorAdvanced Fusion Reactornot finished by 15:00
    147. GoblinGoblin
    148. Con turret
    149. GoblinGoblin
    150. Wind ×2
    151. GoblinGoblin
    152. PharosPharos
    153. Wind
    154. GoblinGoblin ×2
    155. Wind ×2
    156. GoblinGoblin ×2
    157. ZagreusZagreus
    158. Wind ×3
    159. ZagreusZagreus
    160. PharosPharos
    161. Wind
    162. ZagreusZagreus
    163. Wind ×2
    164. Con turret
    165. Wind
    166. GoblinGoblin
    167. PharosPharos
    168. ToxotaiToxotai
    169. Wind ×2
    170. ToxotaiToxotai
    171. Wind
    172. ToxotaiToxotai
    173. Wind
    174. Con turret
    175. Wind ×2
    176. ToxotaiToxotai

Counts are medians over the build's games: half of them build more, half fewer. The example game is PRO_Rerory's (56 OS, 19/08/2026); pick another.

Team trades

IN AT LEAST 30% OF ITS GAMES

You hand over

Nothing regular.

You get

  • Tidal Generator4 Tidal from Pondfirst at 0:11 · in 69% of games
  • Advanced Construction Bot1 T2 con bot from Geo or Techfirst at 7:31 · in 54% of games

How it plays out

Typical game of this build, running totals by minute

Metal produced

010k20k30k
0:005:0010:0015:00

metal

Enemy metal destroyed

05k10k
0:005:0010:0015:00

metal

Own metal lost

05k10k
0:005:0010:0015:00

metal

26 games.

Show as table
ByMetal produced: This buildEnemy metal destroyed: This buildOwn metal lost: This build
1:0024900
2:0087900
3:00204220360
4:003176484320
5:0042971154788
6:00526718041130
7:00619125412201
8:00749140053250
9:00877445374000
10:001049947444506
11:001232249825031
12:001458453036112
13:001742860647159
14:002039474937635
15:002406490817997
WHAT THE NUMBERS SAY

Suicide front trades heavily, destroying more enemy metal early than any other role shown but also losing the most, reflecting its all-in nature.

  • + Enemy metal destroyed hits 1253 by 5:00, far ahead of other roles at that mark.
  • + Metal produced by 5:00 reaches 4185, among the highest early figures.
  • − Own metal lost reaches 5320 by 10:00, the heaviest losses of any build shown.
  • − Team win rate is only 48%, despite the aggressive early trades.
THE EXAMPLE YOU ARE READING

PRO_Rerory

56.3 OS · 19/08/2026

Open source match ↗

7 received units · includes a constructor
708 metal received · 39694 energy received

Allied construction assistance is unknown. Timings are observations, not a promise of solo reproducibility.

Typical milestones

Legion Bot Lab0:34Middle 50%: 0:20–0:35 · n=17
Legion Vehicle Plant1:01Middle 50%: 0:36–6:33 · n=16
Advanced Metal Extractor8:45Middle 50%: 8:17–9:33 · n=13

Played most by

_X_8games of this build[crd]sisa4games of this build[Cookie]Maco2games of this buildyubiyubi2games of this buildBoozha1game of this build